[Event "ICC tourney 2858 (30 10)"]
[Site "Internet Chess Club"]
[Date "2022.03.19"]
[Round "1"]
[White "TANG, ZOEY:WonderZ"]
[Black "GUSEINOV, GADIR:GGuseinov"]
[Result "0-1"]
[ICCResult "White resigns"]
[WhiteElo "2086"]
[BlackElo "2711"]
[Opening "Trompowsky attack (Ruth, Opocenský opening)"]
[ECO "A45"]
[NIC "QP.07"]
[Time "12:01:26"]
[PlyCount "78"]
[TimeControl "1800+10"]

1. d4 Nf6 2. Bg5 Ne4 3. Bf4 c5 4. f3 Nf6 5. dxc5 Qa5+ 6. Nc3 Qxc5 7. e4 d6
8. Qd2 Nc6 9. O-O-O Be6 10. Bb5 a6 11. Be3 Qb4 12. Be2 Rc8 13. Kb1 Ne5 14.
a3 Qa5 15. Nd5 Qxd2 16. Nxf6+ gxf6 17. Rxd2 h5 18. f4 Bh6 19. h3 Nc4 20.
Bxc4 Rxc4 21. Rd4 Rxd4 22. Bxd4 Bxf4 23. Ne2 Bh6 24. Rf1 Rg8 25. Rf2 h4 26.
Ng1 d5 27. e5 fxe5 28. Bxe5 Be3 29. Rf1 Rxg2 30. Nf3 Bxh3 31. Nxh4 Re2 32.
Rh1 Bg4 33. Bc3 d4 34. Bb4 b6 35. a4 a5 36. Ba3 Bf2 37. Ng2 Bg3 38. Rh8+ Kd7
39. Rg8 f5 {White resigns} 0-1

[Event "ICC tourney 2858 (30 10)"]
[Site "Internet Chess Club"]
[Date "2022.03.19"]
[Round "1"]
[White "JEGAN, ALAN:playtowin2020"]
[Black "Belous, Vladimir:Openyagami"]
[Result "0-1"]
[ICCResult "White resigns"]
[WhiteElo "2037"]
[BlackElo "2566"]
[Opening "Sicilian: Grand Prix attack"]
[ECO "B23"]
[NIC "SI.44"]
[Time "12:00:36"]
[PlyCount "62"]
[TimeControl "1800+10"]

1. e4 c5 2. Nc3 Nc6 3. f4 g6 4. Nf3 Bg7 5. Bb5 Nd4 6. O-O e6 7. d3 a6 8. Bc4
b5 9. Bb3 a5 10. a4 b4 11. Nb5 Nxb5 12. axb5 Qb6 13. Bc4 Ne7 14. e5 O-O 15.
Be3 d5 16. exd6 Nf5 17. Bf2 Bxb2 18. Ra2 Bg7 19. Ng5 Nxd6 20. Ne4 Nxb5 21.
Bxb5 Qxb5 22. Nxc5 Bb7 23. Nxb7 Qxb7 24. Qb1 a4 25. d4 Rfb8 26. Rd1 Qe4 27.
g3 h5 28. Rd3 h4 29. Qd1 h3 30. Rf3 b3 31. cxb3 Rxb3 {White resigns} 0-1

[Event "ICC tourney 2858 (30 10)"]
[Site "Internet Chess Club"]
[Date "2022.03.19"]
[Round "1"]
[White "Lie, Yoeng Kiong:yoengkiong333"]
[Black "NATHAN, NITISH SG:K06-15494283"]
[Result "0-1"]
[ICCResult "White resigns"]
[WhiteElo "2100"]
[BlackElo "1908"]
[Opening "QGD Slav: 4.e3 Bf5"]
[ECO "D12"]
[NIC "QP.08"]
[Time "12:00:39"]
[PlyCount "122"]
[TimeControl "1800+10"]

1. d4 d5 2. Nf3 Nf6 3. c4 c6 4. e3 Bf5 5. Nc3 e6 6. Bd3 Bg6 7. O-O Nbd7 8.
Qe2 Bb4 9. Bd2 O-O 10. e4 Bxc3 11. Bxc3 dxe4 12. Bxe4 Nxe4 13. Bb4 Re8 14.
Ba3 Ng5 15. Nxg5 Qxg5 16. Bd6 Qf6 17. Bc7 Rac8 18. Bg3 e5 19. dxe5 Qe6 20.
f4 Bf5 21. h3 Nc5 22. Rad1 Rcd8 23. Rxd8 Rxd8 24. Bf2 Bd3 25. Rd1 Qxc4 26.
b3 Qd5 27. Qe3 b6 28. f5 Qe4 29. b4 Qxe3 30. Bxe3 Ne4 31. f6 Rd5 32. Rc1 Bb5
33. Kh2 Rxe5 34. fxg7 Rd5 35. Re1 f5 36. a4 Bxa4 37. Ra1 b5 38. Rc1 Rd6 39.
Rf1 Kxg7 40. Rxf5 Nf6 41. Bxa7 Bb3 42. Rf3 Bc4 43. Bc5 Rd3 44. Rf4 Kg6 45.
Be7 Nd5 46. Rg4+ Kf7 47. Bc5 Rd2 48. Kg3 Nf6 49. Rd4 Rxd4 50. Bxd4 Ke6 51.
Kf3 Bd5+ 52. Kf2 h5 53. g4 hxg4 54. hxg4 Nxg4+ 55. Ke2 Bc4+ 56. Kd1 Kd5 57.
Bc5 Bb3+ 58. Ke2 Kc4 59. Be7 Ne5 60. Bc5 Nd3 61. Bd6 Nxb4 {White resigns}
0-1

[Event "ICC tourney 2858 (30 10)"]
[Site "Internet Chess Club"]
[Date "2022.03.19"]
[Round "1"]
[White "Nguyen, Hoa Duc:leoman"]
[Black "Turcotte, Jonathan:JonnyTurgi"]
[Result "1-0"]
[ICCResult "Black resigns"]
[WhiteElo "2469"]
[BlackElo "2000"]
[Opening "Réti opening"]
[ECO "A06"]
[NIC "QP.09"]
[Time "12:00:35"]
[PlyCount "59"]
[TimeControl "1800+10"]

1. Nf3 d5 2. e3 Nf6 3. c4 c6 4. Nc3 Nbd7 5. cxd5 cxd5 6. d4 e6 7. Bd3 Bd6 8.
Bd2 O-O 9. Qb3 a6 10. a4 b6 11. O-O Bb7 12. a5 Ne4 13. Rfc1 b5 14. Be1 Nxc3
15. Bxc3 Qe7 16. Ne5 Nf6 17. f3 Rfc8 18. Be1 h6 19. Bh4 Rxc1+ 20. Rxc1 Rc8
21. Rxc8+ Bxc8 22. Ng4 Qc7 23. Bxf6 gxf6 24. Nxf6+ Kf8 25. f4 Be7 26. Ng4 f5
27. Ne5 Qc1+ 28. Kf2 Qd2+ 29. Be2 Bb4 30. Nf3 {Black resigns} 1-0

[Event "ICC tourney 2858 (30 10)"]
[Site "Internet Chess Club"]
[Date "2022.03.19"]
[Round "1"]
[White "YANG, KAIQI:YKQ"]
[Black "Tang, Austin:Mrpeetapizza"]
[Result "1-0"]
[ICCResult "Black resigns"]
[WhiteElo "2531"]
[BlackElo "2034"]
[Opening "Sicilian: closed, 2...Nc6"]
[ECO "B23"]
[NIC "SI.44"]
[Time "12:00:42"]
[PlyCount "79"]
[TimeControl "1800+10"]

1. e4 c5 2. Nc3 Nc6 3. Bb5 Nd4 4. Nf3 Nxb5 5. Nxb5 d6 6. O-O Nf6 7. d4 cxd4
8. Qxd4 a6 9. Nc3 e5 10. Qd3 Be7 11. Bg5 O-O 12. Rfd1 Be6 13. Bxf6 gxf6 14.
Nd5 Re8 15. a4 Rc8 16. c3 Bxd5 17. Qxd5 Qb6 18. Rd2 Qc6 19. Nh4 Qxd5 20.
Rxd5 Rc5 21. Rd3 Rd8 22. Nf5 Kf8 23. Ne3 Ke8 24. b4 Rc6 25. a5 Kd7 26. Kf1
Ke6 27. Ke2 Rdc8 28. Ra3 Bf8 29. g4 Bh6 30. Nd5 Bf4 31. Rh3 h6 32. Kd3 Bg5
33. Rh5 Rg8 34. f3 Bc1 35. Ra1 Bg5 36. h4 Bf4 37. Rf5 Rgc8 38. Rxf6+ Kd7 39.
Rxf7+ Ke8 40. Rxb7 {Black resigns} 1-0

[Event "ICC tourney 2858 (30 10)"]
[Site "Internet Chess Club"]
[Date "2022.03.19"]
[Round "1"]
[White "LIU, AIDEN Q:goodcrowdchess"]
[Black "RASULOV, VUGAR:Vugar-Rasulov"]
[Result "1/2-1/2"]
[ICCResult "Game drawn by mutual agreement"]
[WhiteElo "2021"]
[BlackElo "2514"]
[Opening "Sicilian: accelerated fianchetto, Maróczy bind"]
[ECO "B36"]
[NIC "SI.33"]
[Time "12:00:39"]
[PlyCount "78"]
[TimeControl "1800+10"]

1. e4 c5 2. Nf3 Nc6 3. d4 cxd4 4. Nxd4 g6 5. c4 Nf6 6. Nc3 d6 7. Be2 Nxd4 8.
Qxd4 Bg7 9. Be3 O-O 10. Qd2 Be6 11. O-O Qa5 12. f3 Rfc8 13. b3 a6 14. Rfc1
b5 15. cxb5 axb5 16. b4 Qxb4 17. Rab1 Qa3 18. Bxb5 Rab8 19. Bd3 Nd7 20. Rxb8
Rxb8 21. Rc2 Nc5 22. Bf1 Qa5 23. Nd5 Qxd2 24. Rxd2 Kf8 25. Nc7 Na4 26. Nxe6+
fxe6 27. Bc4 Rb1+ 28. Kf2 Kf7 29. Bb3 Nc3 30. Ba7 h5 31. Rc2 h4 32. h3 Nb5
33. Be3 Be5 34. Rc1 Rb2+ 35. Rc2 Rb1 36. Rc1 Bg3+ 37. Ke2 Rb2+ 38. Rc2 Rb1
39. Kd3 Be5 {Game drawn by mutual agreement} 1/2-1/2

[Event "ICC tourney 2858 (30 10)"]
[Site "Internet Chess Club"]
[Date "2022.03.19"]
[Round "1"]
[White "LIANG, YU-CHENG:Yucheng"]
[Black "IVANOV, ALEXANDER:marble"]
[Result "0-1"]
[ICCResult "White resigns"]
[WhiteElo "1984"]
[BlackElo "2411"]
[Opening "Modern defense"]
[ECO "A40"]
[NIC "QO.17"]
[Time "12:00:36"]
[PlyCount "86"]
[TimeControl "1800+10"]

1. d4 g6 2. c4 Bg7 3. e4 c5 4. d5 d6 5. Bd3 e6 6. Nf3 Nf6 7. Nc3 exd5 8.
exd5 O-O 9. O-O Bg4 10. h3 Bxf3 11. Qxf3 Nbd7 12. Qd1 Ne5 13. Be2 Ne8 14. f4
Nd7 15. Bd2 f5 16. Qc2 Nc7 17. a4 Qf6 18. Rae1 Rfe8 19. Bd3 Rxe1 20. Rxe1
Re8 21. Rxe8+ Nxe8 22. Be3 Nc7 23. Qf2 Qe7 24. Nb5 Nxb5 25. axb5 Bxb2 26.
Kf1 Bg7 27. Bc1 Bd4 28. Qe2 Kf7 29. Qxe7+ Kxe7 30. Bd2 Nf6 31. Ke2 Kd7 32.
Kf3 h5 33. Be1 a6 34. bxa6 bxa6 35. g3 Bb2 36. Bd2 Ke7 37. Ke2 Kf7 38. h4
Nd7 39. Kd1 Ba3 40. Kc2 Bb4 41. Bc3 a5 42. Kb3 a4+ 43. Kc2 Nf6 {White
resigns} 0-1

[Event "ICC tourney 2858 (30 10)"]
[Site "Internet Chess Club"]
[Date "2022.03.19"]
[Round "2"]
[White "Belous, Vladimir:Openyagami"]
[Black "SU, KENNETH:hpawnbomb"]
[Result "1-0"]
[ICCResult "Black resigns"]
[WhiteElo "2566"]
[BlackElo "2060"]
[Opening "English: Anglo-Dutch defense"]
[ECO "A10"]
[NIC "HD.14"]
[Time "14:00:06"]
[PlyCount "67"]
[TimeControl "1800+10"]

1. c4 f5 2. g3 Nf6 3. Bg2 e6 4. b3 Be7 5. Bb2 O-O 6. Nf3 d6 7. O-O Ne4 8. d3
Bf6 9. Nd4 Nc5 10. b4 Qe8 11. a4 Nba6 12. bxc5 dxc5 13. Nxe6 Bxb2 14. Ra2
Be5 15. Nxf8 Qxf8 16. e3 Nb4 17. Rd2 c6 18. d4 Bc7 19. Nc3 Bd7 20. Qb3 a5
21. Rfd1 Re8 22. d5 Qf6 23. dxc6 Bxc6 24. Nd5 Bxd5 25. Bxd5+ Nxd5 26. Rxd5
b6 27. Qd3 Rf8 28. Rd7 Be5 29. Qd5+ Kh8 30. Rd8 Bc7 31. Rxf8+ Qxf8 32. Qd7
Be5 33. Qd8 Kg8 34. Qd5+ {Black resigns} 1-0

[Event "ICC tourney 2858 (30 10)"]
[Site "Internet Chess Club"]
[Date "2022.03.19"]
[Round "2"]
[White "Tang, Austin:Mrpeetapizza"]
[Black "JEGAN, ALAN:playtowin2020"]
[Result "0-1"]
[ICCResult "White resigns"]
[WhiteElo "2034"]
[BlackElo "2037"]
[Opening "Sicilian: accelerated fianchetto, modern variation with Bc4"]
[ECO "B35"]
[NIC "SI.33"]
[Time "14:00:04"]
[PlyCount "66"]
[TimeControl "1800+10"]

1. e4 c5 2. Nf3 g6 3. d4 cxd4 4. Nxd4 Nc6 5. Be3 Bg7 6. Nc3 Nf6 7. Bc4 O-O
8. Bb3 a5 9. f3 d5 10. exd5 Nb4 11. Nde2 a4 12. Bc4 Qc7 13. b3 Rd8 14. O-O
Nfxd5 15. Nxd5 Nxd5 16. Bxd5 Bxa1 17. Bxf7+ Kxf7 18. Qxa1 Qxc2 19. Bh6 Qc5+
20. Kh1 Rg8 21. Rc1 Qh5 22. Be3 axb3 23. a3 Qb5 24. Qb2 Be6 25. Nd4 Qd5 26.
Bf2 Rgc8 27. Re1 Ra6 28. Re3 Rd6 29. Nxe6 Rxe6 30. Rxe6 Kxe6 31. Qe2+ Kf7
32. Bh4 Rc1+ 33. Be1 Qd1 {White resigns} 0-1

[Event "ICC tourney 2858 (30 10)"]
[Site "Internet Chess Club"]
[Date "2022.03.19"]
[Round "2"]
[White "Tanenbaum, Zachary:MasterZachary"]
[Black "JIANG, BRANDON:BranKing"]
[Result "0-1"]
[ICCResult "White resigns"]
[WhiteElo "2237"]
[BlackElo "2067"]
[Opening "Giuoco Piano: center-holding variation"]
[ECO "C53"]
[NIC "IG.02"]
[Time "14:02:13"]
[PlyCount "70"]
[TimeControl "1800+10"]

1. e4 e5 2. Nf3 Nc6 3. Bc4 Bc5 4. c3 Bb6 5. d4 Qe7 6. O-O Nf6 7. Re1 d6 8.
a4 a6 9. Na3 Bg4 10. d5 Nb8 11. Nc2 O-O 12. a5 Ba7 13. Be3 Bxe3 14. Nxe3
Nbd7 15. h3 Bxf3 16. Qxf3 g6 17. b4 Nh5 18. g3 Ng7 19. Bd3 Rae8 20. Bc2 f5
21. exf5 e4 22. Qg4 gxf5 23. Nxf5 Rxf5 24. Bxe4 Nf6 25. Qe2 Qxe4 26. Qd2 Qf3
27. Rxe8+ Ngxe8 28. Re1 Qxd5 29. Qc2 Re5 30. Rd1 Qe6 31. Qc1 Ng7 32. c4 Qxh3
33. Qf4 Ng4 34. Qf3 Qh2+ 35. Kf1 Rf5 {White resigns} 0-1

[Event "ICC tourney 2858 (30 10)"]
[Site "Internet Chess Club"]
[Date "2022.03.19"]
[Round "2"]
[White "NATHAN, NITISH SG:K06-15494283"]
[Black "RASULOV, VUGAR:Vugar-Rasulov"]
[Result "0-1"]
[ICCResult "White checkmated"]
[WhiteElo "1908"]
[BlackElo "2514"]
[Opening "Queen's pawn: London system"]
[ECO "A45"]
[NIC "QP.07"]
[Time "14:00:04"]
[PlyCount "134"]
[TimeControl "1800+10"]

1. d4 Nf6 2. Bf4 d5 3. e3 c5 4. c3 Nc6 5. Nd2 Bf5 6. Qb3 Qd7 7. Ngf3 c4 8.
Qd1 e6 9. Be2 Be7 10. h3 O-O 11. O-O b5 12. Ne5 Qb7 13. Bf3 Rfd8 14. Re1
Rac8 15. a3 a5 16. Qe2 Nxe5 17. Bxe5 Bd3 18. Qd1 Nd7 19. Bg3 Nb6 20. Be2 Bg6
21. Bh5 Bxh5 22. Qxh5 Na4 23. Reb1 Ra8 24. Qd1 Qc6 25. Qc2 b4 26. Nf3 f6 27.
Nd2 b3 28. Qd1 Qe8 29. Qg4 Bf8 30. e4 Qf7 31. e5 f5 32. Qe2 Rab8 33. f4 h6
34. Nf3 Be7 35. h4 Qh5 36. Kf2 g6 37. Ke1 Kg7 38. Kf2 Rh8 39. Qd2 g5 40.
fxg5 hxg5 41. Nxg5 Bxg5 42. Qxg5+ Qxg5 43. hxg5 Kg6 44. Bf4 Rh4 45. Kf3 Rbh8
46. Be3 R8h5 47. Bd2 Rh7 48. Be3 Rg4 49. Bf4 Kg7 50. Bg3 Rxg5 51. Bf4 Rg4
52. Bg3 Kg6 53. Bf4 Rh5 54. Be3 Rh2 55. Rh1 Rxh1 56. Rxh1 Nxb2 57. Rh6+ Kf7
58. Rh7+ Rg7 59. Rh6 Nd1 60. Rf6+ Ke7 61. Bh6 Rf7 62. Rg6 b2 63. Rg8 b1=Q
64. Bg5+ Kd7 65. Rd8+ Kc7 66. Rd6 Qd3+ 67. Kf4 Qe3# {White checkmated} 0-1

[Event "ICC tourney 2858 (30 10)"]
[Site "Internet Chess Club"]
[Date "2022.03.19"]
[Round "2"]
[White "IVANOV, ALEXANDER:marble"]
[Black "YANG, KAIQI:YKQ"]
[Result "1/2-1/2"]
[ICCResult "Game drawn by repetition"]
[WhiteElo "2411"]
[BlackElo "2531"]
[Opening "French: Tarrasch"]
[ECO "C03"]
[NIC "FR.14"]
[Time "14:00:10"]
[PlyCount "112"]
[TimeControl "1800+10"]

1. e4 e6 2. d4 d5 3. Nd2 Be7 4. Bd3 c5 5. dxc5 Nf6 6. Qe2 a5 7. Ngf3 Na6 8.
exd5 exd5 9. Bb5+ Bd7 10. Ne5 Nxc5 11. Nxd7 Ncxd7 12. O-O O-O 13. Nf3 Bc5
14. Qd1 Qb6 15. Bxd7 Nxd7 16. Qxd5 Nf6 17. Qb3 Rfe8 18. Qxb6 Bxb6 19. Be3
Bxe3 20. fxe3 Rxe3 21. Rfe1 Rxe1+ 22. Rxe1 Kf8 23. Re5 b6 24. Rb5 Nd7 25.
Ne5 Nxe5 26. Rxe5 Rd8 27. Rb5 Rd6 28. c4 Ke7 29. c5 bxc5 30. Rxc5 Rd2 31.
Rxa5 Rxb2 32. Ra7+ Ke6 33. Ra6+ Ke5 34. Ra7 Kf6 35. Ra6+ Kg5 36. Ra7 Kg6 37.
a4 Ra2 38. h4 h5 39. Kh2 Ra3 40. Kg1 Kf6 41. Kf2 g6 42. Ra5 Ke6 43. g3 f6
44. Kg2 Ra2+ 45. Kf3 Ra3+ 46. Kg2 Kf7 47. Ra6 g5 48. hxg5 fxg5 49. Kf2 Kg7
50. Kg2 Ra2+ 51. Kf1 Kh7 52. Kg1 Kg7 53. Kf1 Kh7 54. Kg1 Kg7 55. Kf1 Kh7 56.
Kg1 Kg7 {Game drawn by repetition} 1/2-1/2

[Event "ICC tourney 2858 (30 10)"]
[Site "Internet Chess Club"]
[Date "2022.03.19"]
[Round "2"]
[White "XIE, BRYAN:largecrab"]
[Black "Wan, Joseph Cheng-Yue:cyborg86"]
[Result "0-1"]
[ICCResult "White resigns"]
[WhiteElo "2105"]
[BlackElo "2291"]
[Opening "Queen's pawn"]
[ECO "A40"]
[NIC "QP.05"]
[Time "14:00:12"]
[PlyCount "56"]
[TimeControl "1800+10"]

1. d4 e6 2. Nf3 Nf6 3. Bf4 c5 4. e3 Nc6 5. c3 d5 6. Nbd2 Bd6 7. Bg3 O-O 8.
Bd3 b6 9. Qe2 Bb7 10. Ne5 Ne7 11. Bh4 Ne4 12. Bxe4 dxe4 13. Qg4 f5 14. Qg5
cxd4 15. exd4 h6 16. Qh5 f4 17. Ng6 Rf5 18. Qe2 Kh7 19. Nxe7 Bxe7 20. Bxe7
Qxe7 21. Nxe4 f3 22. gxf3 Raf8 23. O-O-O Rxf3 24. Rde1 Qh4 25. Rhg1 Qxh2 26.
Ng5+ hxg5 27. Rh1 Rxc3+ 28. bxc3 Bxh1 {White resigns} 0-1

[Event "ICC tourney 2858 (30 10)"]
[Site "Internet Chess Club"]
[Date "2022.03.19"]
[Round "2"]
[White "GUSEINOV, GADIR:GGuseinov"]
[Black "Nguyen, Hoa Duc:leoman"]
[Result "1-0"]
[ICCResult "Black forfeits on time"]
[WhiteElo "2711"]
[BlackElo "2469"]
[Opening "Sicilian: closed"]
[ECO "B23"]
[NIC "SI.44"]
[Time "14:00:34"]
[PlyCount "65"]
[TimeControl "1800+10"]

1. e4 c5 2. Nc3 a6 3. g3 b5 4. Bg2 Bb7 5. d3 e6 6. Nh3 Nf6 7. O-O d6 8. f4
Nc6 9. f5 b4 10. fxe6 fxe6 11. e5 dxe5 12. Ne4 Qd4+ 13. Kh1 O-O-O 14. Nhg5
Qd7 15. Nxf6 gxf6 16. Rxf6 Be7 17. Rf1 Rdf8 18. Rxf8+ Rxf8 19. Ne4 Nd4 20.
Be3 h5 21. Qd2 h4 22. gxh4 Nf3 23. Bxf3 Rxf3 24. Qe2 Rh3 25. h5 c4 26. Rg1
Bd8 27. h6 Qh7 28. Rg4 Qf5 29. Kg1 Kb8 30. Rg8 Kc7 31. Rg7+ Kc6 32. Ng3
Rxg3+ 33. hxg3 {Black forfeits on time} 1-0

[Event "ICC tourney 2858 (30 10)"]
[Site "Internet Chess Club"]
[Date "2022.03.19"]
[Round "2"]
[White "Lie, Yoeng Kiong:yoengkiong333"]
[Black "LIU, AIDEN Q:goodcrowdchess"]
[Result "1/2-1/2"]
[ICCResult "Game drawn by mutual agreement"]
[WhiteElo "2100"]
[BlackElo "2021"]
[Opening "Four knights: Italian variation"]
[ECO "C55"]
[NIC "IG.01"]
[Time "14:00:14"]
[PlyCount "152"]
[TimeControl "1800+10"]

1. e4 e5 2. Nf3 Nc6 3. Bc4 Nf6 4. Nc3 Nxe4 5. Nxe4 d5 6. Bd3 dxe4 7. Bxe4
Bd6 8. O-O O-O 9. Re1 Bg4 10. h3 Bh5 11. c3 f5 12. Bd5+ Kh8 13. d3 Qf6 14.
Kh1 h6 15. Qd2 Ne7 16. Bxb7 Rab8 17. Qe3 Rxb7 18. Nxe5 Bxe5 19. Qxe5 Qxe5
20. Rxe5 Re8 21. d4 Bg6 22. b3 Ng8 23. Bd2 c6 24. Rae1 Rbe7 25. c4 Rxe5 26.
dxe5 Bf7 27. Bc3 Ne7 28. e6 Bg8 29. Bb4 Kh7 30. Bc5 a6 31. g4 Kg6 32. f4 Nc8
33. Re5 fxg4 34. hxg4 Kf6 35. Bd4 Rxe6 36. Rg5+ Ke7 37. Rxg7+ Bf7 38. Rh7
Kf8 39. Kg2 Ne7 40. Bc5 Kg8 41. f5 Re5 42. Bd4 Re2+ 43. Kf1 Kxh7 44. Kxe2 h5
45. Kf3 hxg4+ 46. Kxg4 Be8 47. Kg5 Ng8 48. Kf4 Nh6 49. Ke5 Kg7 50. Ke6+ Kf8
51. Be3 Ng4 52. Bc5+ Kg8 53. Ke7 Bf7 54. Kd7 Ne5+ 55. Kd6 Nd3 56. Kxc6 Nc1
57. Kb6 Nxa2 58. Ba3 Nc3 59. Kxa6 Ne2 60. Bb2 Ng3 61. f6 Ne4 62. Kb5 Be8+
63. Kb6 Nd2 64. c5 Nxb3 65. c6 Nd2 66. c7 Bd7 67. Bc1 Nc4+ 68. Kc5 Kf7 69.
Kxc4 Kxf6 70. Bb2+ Ke7 71. Kd5 Be6+ 72. Kc6 Bd7+ 73. Kc5 Ke6 74. Bd4 Kf5 75.
Kd5 Bc8 76. Kc6 Ke4 {Game drawn by mutual agreement} 1/2-1/2

[Event "ICC tourney 2858 (30 10)"]
[Site "Internet Chess Club"]
[Date "2022.03.19"]
[Round "2"]
[White "Turcotte, Jonathan:JonnyTurgi"]
[Black "TANG, ZOEY:WonderZ"]
[Result "0-1"]
[ICCResult "White resigns"]
[WhiteElo "2000"]
[BlackElo "2086"]
[Opening "Grünfeld: Grünfeld gambit, Capablanca variation"]
[ECO "D83"]
[NIC "GI.03"]
[Time "14:00:04"]
[PlyCount "74"]
[TimeControl "1800+10"]

1. d4 Nf6 2. c4 g6 3. Nc3 d5 4. Bf4 Bg7 5. e3 O-O 6. Rc1 Na6 7. Nf3 c5 8.
cxd5 cxd4 9. Nxd4 Nxd5 10. Bg3 Nxc3 11. Rxc3 e5 12. Nb3 Qxd1+ 13. Kxd1 e4
14. Nd4 Rd8 15. Bxa6 Bxd4 16. exd4 Rxd4+ 17. Ke2 bxa6 18. Ke3 Rd8 19. Rhc1
Bf5 20. h3 Rd3+ 21. Ke2 Rad8 22. Bf4 h5 23. Rc7 R3d7 24. Be3 Rb8 25. b3 Rb7
26. Rc8+ Kg7 27. Ra8 a5 28. Rcc8 a4 29. Bg5 f6 30. Rg8+ Kf7 31. Rgf8+ Ke6
32. Rxf6+ Kd5 33. Ra6 axb3 34. Ra5+ Kc4 35. Rc8+ Kb4 36. Ra6 b2 37. a3+ Kb5
{White resigns}
0-1

[Event "ICC tourney 2858 (30 10)"]
[Site "Internet Chess Club"]
[Date "2022.03.19"]
[Round "3"]
[White "TANG, ZOEY:WonderZ"]
[Black "JEGAN, ALAN:playtowin2020"]
[Result "1-0"]
[ICCResult "Black resigns"]
[WhiteElo "2086"]
[BlackElo "2037"]
[Opening "Réti opening"]
[ECO "A04"]
[NIC "QP.11"]
[Time "16:00:06"]
[PlyCount "77"]
[TimeControl "1800+10"]

1. Nf3 g6 2. g3 c5 3. Bg2 Nc6 4. d4 cxd4 5. Nxd4 Bg7 6. Nxc6 bxc6 7. O-O Nf6
8. c4 O-O 9. Nc3 Bb7 10. Qc2 Rc8 11. e4 Qc7 12. Rd1 Rfd8 13. c5 d5 14. cxd6
exd6 15. Be3 Ba8 16. Rac1 Ng4 17. Bg5 f6 18. Bf4 Ne5 19. Qe2 Rb8 20. Be3 Qb7
21. f4 Nf7 22. b3 Re8 23. Qf2 c5 24. Nd5 Qc8 25. Bf3 Bxd5 26. Rxd5 Qa6 27.
Rc2 Bf8 28. Kg2 Nd8 29. Be2 Qc8 30. Qf3 Nc6 31. Bc4 Kh8 32. Rd1 Nb4 33. Re2
Qb7 34. Bc1 Rbd8 35. Bb2 Bg7 36. Bc3 Nc6 37. h4 Ne7 38. h5 f5 39. h6
{Black resigns}
1-0

[Event "ICC tourney 2858 (30 10)"]
[Site "Internet Chess Club"]
[Date "2022.03.19"]
[Round "3"]
[White "Turcotte, Jonathan:JonnyTurgi"]
[Black "Tang, Austin:Mrpeetapizza"]
[Result "1-0"]
[ICCResult "Black checkmated"]
[WhiteElo "2000"]
[BlackElo "2034"]
[Opening "Grünfeld: Grünfeld gambit, Capablanca variation"]
[ECO "D83"]
[NIC "GI.03"]
[Time "16:00:27"]
[PlyCount "69"]
[TimeControl "1800+10"]

1. d4 Nf6 2. c4 g6 3. Nc3 d5 4. Bf4 Bg7 5. e3 O-O 6. Rc1 c5 7. dxc5 Qa5 8.
cxd5 Qxc5 9. Nf3 Qa5 10. Bc4 b5 11. Bxb5 a6 12. Bc4 Rd8 13. O-O Nh5 14. Be5
Bxe5 15. Nxe5 Bb7 16. Qb3 Bc8 17. Rfd1 Nf6 18. Nc6 Nxc6 19. dxc6 e6 20. Na4
Nd5 21. Bxd5 exd5 22. Qb6 Qxb6 23. Nxb6 Ra7 24. Rxd5 Rxd5 25. Nxd5 Be6 26.
c7 Rb7 27. c8=Q+ Bxc8 28. Rxc8+ Kg7 29. b3 Rd7 30. e4 f5 31. f3 fxe4 32.
fxe4 Kf7 33. Ra8 Rd6 34. Ra7+ Ke6 35. Re7# {Black checkmated} 1-0

[Event "ICC tourney 2858 (30 10)"]
[Site "Internet Chess Club"]
[Date "2022.03.19"]
[Round "3"]
[White "LIU, AIDEN Q:goodcrowdchess"]
[Black "Tanenbaum, Zachary:MasterZachary"]
[Result "0-1"]
[ICCResult "White resigns"]
[WhiteElo "2021"]
[BlackElo "2237"]
[Opening "Scotch: Potter variation"]
[ECO "C45"]
[NIC "SO.05"]
[Time "16:00:08"]
[PlyCount "84"]
[TimeControl "1800+10"]

1. e4 e5 2. Nf3 Nc6 3. d4 exd4 4. Nxd4 Bc5 5. Nb3 Bb6 6. Nc3 Nf6 7. Qe2 O-O
8. Bg5 h6 9. Bh4 Re8 10. O-O-O d6 11. f3 Be6 12. Kb1 a5 13. a4 Ne5 14. Bf2
Bxf2 15. Qxf2 Bxb3 16. cxb3 Nfd7 17. g4 Nc5 18. Ka2 c6 19. h3 Qb6 20. Bc4
Qb4 21. Rd4 Nxc4 22. bxc4 Nb3 23. Rdd1 Qxc4 24. Qf1 Qb4 25. Qd3 Rad8 26. h4
Nc5 27. Qd4 b5 28. axb5 Qb3+ 29. Kb1 a4 30. Qd2 cxb5 31. Qd5 Qb4 32. Rd4 Qa5
33. Qc6 a3 34. Qxb5 a2+ 35. Kc2 a1=Q 36. Rxa1 Qxa1 37. Rxd6 Ne6 38. g5 Rf8
39. Qd5 Rxd6 40. Qxd6 Rd8 41. Qe7 Nd4+ 42. Kd3 Nc6+ {White resigns} 0-1

[Event "ICC tourney 2858 (30 10)"]
[Site "Internet Chess Club"]
[Date "2022.03.19"]
[Round "3"]
[White "XIE, BRYAN:largecrab"]
[Black "Lie, Yoeng Kiong:yoengkiong333"]
[Result "0-1"]
[ICCResult "White resigns"]
[WhiteElo "2105"]
[BlackElo "2100"]
[Opening "Giuoco Pianissimo"]
[ECO "C55"]
[NIC "IG.01"]
[Time "16:00:22"]
[PlyCount "66"]
[TimeControl "1800+10"]

1. e4 e5 2. Nf3 Nc6 3. Bc4 Nf6 4. d3 Bc5 5. O-O d6 6. Nbd2 O-O 7. Re1 Ne7 8.
c3 Bb6 9. a4 c6 10. Nf1 Ng6 11. Ng3 d5 12. exd5 cxd5 13. Bb3 h6 14. h3 Re8
15. Be3 Bd7 16. d4 e4 17. Ne5 Nxe5 18. dxe5 Rxe5 19. Bf4 Qe7 20. Bxe5 Qxe5
21. Nf1 a5 22. Ne3 Rd8 23. Nxd5 Bxh3 24. Qf3 Qxd5 25. Qxf6 Qxb3 26. Qf4 Be6
27. Qxe4 Rd2 28. Re2 Qxb2 29. Rxd2 Qxa1+ 30. Kh2 Qxc3 31. Rc2 Qf6 32. Qxb7
Bxf2 33. g3 Qf5 {White resigns} 0-1

[Event "ICC tourney 2858 (30 10)"]
[Site "Internet Chess Club"]
[Date "2022.03.19"]
[Round "3"]
[White "JIANG, BRANDON:BranKing"]
[Black "Nguyen, Hoa Duc:leoman"]
[Result "0-1"]
[ICCResult "White forfeits on time"]
[WhiteElo "2067"]
[BlackElo "2469"]
[Opening "Sicilian: Nimzovich-Rossolimo attack (without ...d6)"]
[ECO "B30"]
[NIC "SI.31"]
[Time "16:00:10"]
[PlyCount "76"]
[TimeControl "1800+10"]

1. e4 c5 2. Nf3 Nc6 3. Bb5 e6 4. O-O Nge7 5. c3 a6 6. Ba4 b5 7. Bc2 d5 8.
exd5 Nxd5 9. d4 Bb7 10. dxc5 Bxc5 11. Nbd2 O-O 12. Ne4 Be7 13. Qd3 f5 14.
Ng3 Qd6 15. Re1 Rae8 16. Qe2 Bd8 17. Be3 Nxe3 18. Qxe3 Na5 19. Rad1 Qc6 20.
Qe2 g6 21. Qf1 Bf6 22. a4 e5 23. axb5 axb5 24. Bb1 Nc4 25. Re2 Kh8 26. Ba2
Qc5 27. Bxc4 bxc4 28. Nd2 Rd8 29. Ree1 Ba6 30. Nf3 Rd3 31. Ra1 Bb7 32. Qe2
e4 33. Nd2 Bg5 34. Ndf1 Bh4 35. Kh1 Re8 36. b4 cxb3 37. Qxd3 exd3 38. Rxe8+
Kg7 {White forfeits on time} 0-1

[Event "ICC tourney 2858 (30 10)"]
[Site "Internet Chess Club"]
[Date "2022.03.19"]
[Round "3"]
[White "Wan, Joseph Cheng-Yue:cyborg86"]
[Black "YANG, KAIQI:YKQ"]
[Result "1/2-1/2"]
[ICCResult "Game drawn by repetition"]
[WhiteElo "2291"]
[BlackElo "2531"]
[Opening "French: Tarrasch"]
[ECO "C03"]
[NIC "FR.14"]
[Time "16:00:22"]
[PlyCount "95"]
[TimeControl "1800+10"]

1. e4 e6 2. d4 d5 3. Nd2 Be7 4. Bd3 c5 5. c3 cxd4 6. cxd4 Nc6 7. Ngf3 dxe4
8. Nxe4 Nf6 9. O-O O-O 10. Be3 Nb4 11. Nxf6+ Bxf6 12. Be4 Nd5 13. Re1 b6 14.
a3 Bb7 15. Qd3 g6 16. Rac1 Qd6 17. Qd2 Rfd8 18. Bg5 Qe7 19. Bxf6 Qxf6 20.
Ne5 Rac8 21. Qh6 Rxc1 22. Qxc1 Qe7 23. h3 Kg7 24. Ng4 f5 25. Qh6+ Kg8 26.
Bxd5 Rxd5 27. Ne5 Rxd4 28. f3 Qf8 29. Qe3 Rd8 30. Qg5 Bd5 31. h4 Rc8 32. h5
Qd8 33. Qxd8+ Rxd8 34. hxg6 hxg6 35. Nxg6 Kf7 36. Ne5+ Kf6 37. f4 Rc8 38.
Re2 b5 39. Kf2 a5 40. Nd7+ Ke7 41. Nb6 Rd8 42. Nxd5+ Rxd5 43. Rc2 a4 44. Ke3
Kf6 45. Rc8 Ke7 46. Rc2 Kf6 47. Rc8 Ke7 48. Rc2 {Game drawn by repetition}
1/2-1/2